 Dungeon Crawl Stone Soup version 0.27-a0-79-gcaaa221d37 (webtiles) character file.

Game seed: 13037999241384453241

80 lunkers the Poker (level 4, -2/35 HPs)
             Began as a Merfolk Gladiator on Jan 14, 2021.
             Blown up by Ijyb (8 damage)
             ... with a disintegration bolt
             ... on level 3 of the Dungeon.
             The game lasted 00:02:55 (1947 turns).

lunkers the Poker (Merfolk Gladiator)               Turns: 1947, Time: 00:02:55

Health: -2/35      AC:  6    Str: 15    XL:     4   Next: 39%
Magic:  4/4        EV: 13    Int:  7    God:
Gold:   122        SH:  0    Dex: 15    Spells: 3/3 levels left

rFire    x . .     SeeInvis .   a - +0 trident
rCold    + . .     Faith    .   (no shield)
rNeg     . . .     Spirit   .   l - +0 ring mail
rPois    .         Reflect  .   c - +0 helmet
rElec    .         Harm     .   (no cloak)
rCorr    .         Rampage  .   (no gloves)
Will     .....                  (no boots)
Stlth    +.........             (no amulet)
HPRegen  0.11/turn              h - ring of ice (curse)
MPRegen  0.09/turn              m - ring of flight

@: no status effects
A: change form in water, swift swim, stealthy swim
a: Evoke Flight


You were on level 3 of the Dungeon.
You visited 1 branch of the dungeon, and saw 3 of its levels.

You collected 122 gold pieces.

Inventory:

Hand Weapons
 a - a +0 trident (weapon)
Missiles
 d - 3 throwing nets {=f}
Armour
 b - a +0 leather armour
 c - a +0 helmet (worn)
 l - a +0 ring mail (worn)
Jewellery
 h - a cursed ring of ice (left hand)
 m - a ring of flight (right hand)
Wands
 o - a wand of flame (15)
Scrolls
 g - a scroll of enchant armour {unknown}
 k - a scroll of blinking {unknown}
 p - a scroll of remove curse {unknown}
Potions
 e - 2 potions of attraction
 f - a potion of might
 i - a potion of curing
 j - a potion of degeneration {unknown}
 n - a potion of invisibility {unknown}
 q - a potion of heal wounds {unknown}


   Skills:
 + Level 3.1 Fighting
 * Level 6.1 Polearms
 - Level 2.0 Throwing
 + Level 4.7 Dodging


You had 3 spell levels left.
You didn't know any spells.
Your spell library was empty.

Dungeon Overview and Level Annotations

Branches:
Dungeon (3/15)

Altars:

Annotations:
D:3 Ijyb


Message History

* * * LOW HITPOINT WARNING * * *
Found a scroll labelled ZOZIUB YKHAYSM.
Evoke which item? (* to show all) (? for menu, Esc to quit)
Okay, then.
Evoke which item? (* to show all) (? for menu, Esc to quit)
Aiming: Throw Flame
Press: ? - help, Shift-Dir - straight line, f - Ijyb
Aim: Ijyb, wearing a +3 leather armour of fire resistance and carrying a wand of disintegration (14) (40% to evade)
The puff of flame misses Ijyb.
Ijyb drinks a potion.
Ijyb seems to speed up.
Okay, then.
Evoke which item? (* to show all) (? for menu, Esc to quit)
Aiming: Throw Flame
Press: ? - help, Shift-Dir - straight line, f/p - Ijyb
Aim: Ijyb, wearing a +3 leather armour of fire resistance and carrying a wand of disintegration (14) (fast, 40% to evade)
The puff of flame hits Ijyb but does no damage.
Ijyb screams, "I dance on your bones!"
Ijyb zaps a wand.
You are blasted!
* * * LOW HITPOINT WARNING * * *
Ijyb zaps a wand.
You are blasted!
You die...

# ###. ## ...
..###.###.##
.?..g..#...#
#@.#
...####.#.#
#......#.#
######.#.#
##....#
##.....##
#..###.......#
............##
##..####...##
##


You could see Ijyb (fast).

Vanquished Creatures
  2 adders (D:2)
  A worm (D:2)
  A dart slug (D:1)
  2 leopard geckos (D:1)
  An orc (D:3)
  3 giant cockroaches
  10 goblins
  3 hobgoblins
  10 kobolds
  2 quokkas (D:2)
  A ball python (D:1)
  6 bats
  6 frilled lizards
  8 rats
56 creatures vanquished.

Notes
Turn   | Place    | Note
-------+----------+-------------------------------------------
     0 | D:1      | lunkers the Merfolk Gladiator began the quest for the Orb.
     0 | D:1      | Reached XP level 1. HP: 16/16 MP: 1/1
   218 | D:1      | Reached XP level 2. HP: 23/23 MP: 2/2
   257 | D:1      | Reached skill level 5 in Polearms
   385 | D:1      | Reached XP level 3. HP: 22/28 MP: 3/3
  1341 | D:2      | Reached XP level 4. HP: 31/35 MP: 4/4
  1528 | D:2      | Reached skill level 6 in Polearms
  1945 | D:3      | Noticed Ijyb
  1947 | D:3      | Blown up by Ijyb

Illustrated notes

Levels and vault maps discovered:
D:1:      mrwooster_arrival_statue, layout_basic, minmay_octomino_c4
D:2:      layout_loops_ring, minmay_misc_feat_rows
D:3:      cheibrodos_thug_alley, layout_loops_ring, uniq_terence, uniq_ijyb

Skill      XL: |  1  2  3  4 |
---------------+-------------+-----
Polearms       | 5 6 |  6.1
Fighting       | 3 |  3.1
Throwing       | |  2.0
Dodging        | |  4.7

Action                   |  1- 3 |  4- 6 || total
-------------------------+-------+-------++-------
Melee: Trident           |   116 |    47 ||   163
Evoke: Wand              |       |     2 ||     2
  Use: Scroll            |     4 |       ||     4
Armor: Leather armour    |    11 |       ||    11
       Ring mail         |    14 |     8 ||    22
Dodge: Dodged            |    63 |    12 ||    75

Table legend: (Time is in decaauts)
 A = Elapsed time spent in this place.
 B = Non-inter-level travel time spent in this place.
 C = Inter-level travel time spent in this place.
 D = Time resting spent in this place.
 E = Time spent auto-exploring this place.
 F = Levels seen in this place.
 G = Mean time per level.
                   A        B        C        D        E       F      G
               +--------+--------+--------+--------+--------+-----+--------+
         Total |   1949 |   1878 |     71 |      0 |   1566 |   3 |  649.7 |
       Dungeon |   1949 |   1878 |     71 |      0 |   1566 |   3 |  649.7 |
               +--------+--------+--------+--------+--------+-----+--------+

Top non-repeatable levels by time:
     D:1: 1091 daAuts
     D:2: 804 daAuts
     D:3: 53 daAuts
